 Dungeon Sprint DCSS version 0.27.1-1-g398f81649c (webtiles) character file.

Game seed: 5175666043727308652

102 ugugthedestroyer the Ruffian (level 4, -6/35 HPs)
             Began as a Draconian Transmuter on Sept 7, 2021.
             Mangled by a water elemental (17 damage)
             ... in the Dungeon (Sprint III: "The Ten Rune Challenge").
             The game lasted 00:03:12 (440 turns).

ugugthedestroyer the Ruffian (Draconian Transmuter)  Turns: 440, Time: 00:03:12

Health: -6/35      AC:  5    Str: 13    XL:     4   Next: 50%
Magic:  10/10      EV: 13    Int: 15    God:
Gold:   21         SH:  0    Dex: 12    Spells: 7/11 levels left

rFire    . . .     SeeInvis .     - Unarmed
rCold    . . .     Faith    .   (no shield)
rNeg     . . .     Spirit   .   (armour unavailable)
rPois    .         Reflect  .   (helmet restricted)
rElec    .         Harm     .   (no cloak)
rCorr    .         Rampage  .   (no gloves)
Will     .....     NoTele   +   (no boots)
Stlth    +.........             (no amulet)
HPRegen  0.11/turn              (no ring)
MPRegen  0.12/turn              (no ring)

@: engulfed (cannot breathe), flying, hasted, very quick
A: AC +5, unfitting armour, cold-blooded, big wings, stinger 1, clever 1
a: no special abilities


You were in the Dungeon.
You visited 1 branch You collected 21 gold pieces.

Inventory:

Scrolls
 c - 2 scrolls of torment {unknown}
 e - 2 scrolls of identify {unknown}
 f - a scroll of blinking
Potions
 a - a potion of curing
 b - a potion of might {unknown}
 d - 2 potions of magic
 g - 3 potions of flight
 i - 2 potions of mutation


   Skills:
 + Level 1.2 Fighting
 + Level 3.4 Dodging
 + Level 7.0 Unarmed Combat
 + Level 4.1 Spellcasting
 + Level 3.8 Transmutations
 + Level 0.4 Poison Magic


You had 7 spell levels left.
You knew the following spells:

 Your Spells              Type           Power      Damage    Failure   Level
a - Beastly Appendage     Tmut           28%        N/A       3%          1
b - Spider Form           Tmut/Pois      4%         N/A       22%         3

Your spell library contained the following spells:

 Spells                   Type           Power      Damage    Failure   Level
 Wereblood                Tmut           14%        N/A       5%          2
 Ice Form                 Ice/Tmut       8%         N/A       63%         4


Dungeon Overview and Level Annotations

Branches:
Dungeon (1/1)

Altars:


Innate Abilities, Weirdness & Mutations

Your plain brown scales are hard. (AC +5)
You cannot fit into any form of body armour.
You are cold-blooded and may be slowed by cold attacks.
Your large and strong wings let you fly.
Your tail ends in a poisonous barb.
Your mind is acute. (Int +2)


Message History

Your tail-slap misses the water elemental.
The water elemental is moderately damaged.
You closely miss the water elemental. You tail-slap the water elemental.
The water elemental is heavily damaged.
The water elemental hits you.
The water elemental engulfs you in water!
You cannot cast spells while unable to breathe!
You closely miss the water elemental.
The water elemental is heavily damaged.
Your lungs strain for air!
You barely miss the water elemental.
The water elemental is heavily damaged.
Your lungs strain for air!
The water elemental hits you.
You hit the water elemental.
Your tail-slap misses the water elemental.
The water elemental is heavily damaged.
Your lungs strain for air!
The water elemental hits you.
You barely miss the water elemental.
You tail-slap the water elemental, but do no damage.
The water elemental is heavily damaged.
Your lungs strain for air!
You hit the water elemental but do no damage.
Your tail-slap misses the water elemental.
The water elemental is heavily damaged.
Your lungs strain for air!
The water elemental hits you.
You barely miss the water elemental.
The water elemental is heavily damaged.
Your lungs strain for air!
You barely miss the water elemental.
The water elemental is heavily damaged.
* * * LOW HITPOINT WARNING * * *
Your lungs strain for air!
The water elemental barely misses you.
You feel better.
Your lungs strain for air!
The water elemental hits you!
You die...

▓▓▓▓▓▓▓▓▓▓▓ ▓▓▓
<.#..'....♣♣♣ ♣.#
..#..#....♣.♣ ♣.#
#'####....♣.♣ ♣.#
.....#....≈.♣♣♣♣.# #+#+#
.....#.†.≈≈♣♣♣...#......
.....#..≈≈≈≈♣.♣.@E.⌠....
####)#..≈≈≈≈≈≈.♣.#...###
.....#.≈≈≈≈≈≈....# ⌠.#
.....#.≈≈≈≈≈.....# .#
.....#.≈≈≈.......# #
'#####...........#
.................#
▓▓▓▓▓▓▓▓▓▓▓▓▓▓▓▓▓▓


You could see a water elemental.

Vanquished Creatures
  A scorpion (D)
  Jessica (D)
  A human (D)
  An endoplasm (D)
  2 rats (D)
6 creatures vanquished.

Vanquished Creatures (others)
  A hydra (D)
  4 plants (D)
5 creatures vanquished.

Grand Total: 11 creatures vanquished

Notes
Turn   | Place    | Note
-------+----------+-------------------------------------------
     0 | D        | ugugthedestroyer the Draconian Transmuter began the quest
                  | for the Orb.
     0 | D        | Reached XP level 1. HP: 16/16 MP: 3/3
   118 | D        | Noticed Jessica
   128 | D        | Killed Jessica
   129 | D        | Reached skill level 5 in Unarmed Combat
   129 | D        | Reached XP level 2. HP: 23/23 MP: 3/6
   129 | D        | Reached XP level 3. HP: 28/28 MP: 3/7
   135 | D        | Killed an eight-headed hydra
   149 | D        | Learned a level 3 spell: Spider Form
   209 | D        | Noticed a scorpion
   219 | D        | Killed a scorpion
   220 | D        | Reached skill level 6 in Unarmed Combat
   220 | D        | Reached XP level 4. HP: 35/35 MP: 5/9
   239 | D        | Gained mutation: Your spells are a little easier to cast,
                  | but a little less powerful. [potion of mutation]
   239 | D        | Gained mutation: You occasionally shout uncontrollably at
                  | your foes. [potion of mutation]
   239 | D        | Gained mutation: Your magical capacity is low. (-10% MP)
                  | [potion of mutation]
   239 | D        | Gained mutation: Your tail ends in a poisonous barb.
                  | [potion of mutation]
   240 | D        | Lost mutation: You occasionally shout uncontrollably at
                  | your foes. [potion of mutation]
   240 | D        | Lost mutation: Your magical capacity is low. (-10% MP)
                  | [potion of mutation]
   240 | D        | Lost mutation: Your spells are a little easier to cast, but
                  | a little less powerful. [potion of mutation]
   240 | D        | Gained mutation: Your large and strong wings let you fly.
                  | [potion of mutation]
   240 | D        | Gained mutation: Your mind is acute. (Int +2) [potion of
                  | mutation]
   267 | D        | Reached skill level 7 in Unarmed Combat
   427 | D        | Noticed a water elemental
   440 | D        | Mangled by a water elemental

Illustrated notes

Levels and vault maps discovered:
D:        dungeon_sprint_mu [sprint_mu_entry_forest, sprint_mu_temple_rooms,
          sprint_mu_d1_spiders, sprint_mu_d2_genie, sprint_mu_d3_branching,
          sprint_mu_orc_legion, sprint_mu_elf_gauntlet, sprint_mu_hive_nellie,
          sprint_mu_lair_fedhas, sprint_mu_vaults_butterflies,
          sprint_mu_slime_circle, sprint_mu_swamp_cave, sprint_mu_snake_twists,
          sprint_mu_blade_basic, sprint_mu_crypt_chambers,
          sprint_mu_tomb_spiral, sprint_mu_vestibule_basic,
          sprint_mu_gehenna_hellfire, sprint_mu_dis_giant,
          sprint_mu_tartarus_statrot, sprint_mu_cocytus_islands, sprint_mu_zot1]

Skill      XL: |  1  2  3  4 |
---------------+-------------+-----
Dodging        | 2 3 |  3.4
Unarmed Combat | 5 6 7 |  7.0
Spellcasting   | 3 4 |  4.1
Transmutations | 3 |  3.8
Fighting       | |  1.2
Poison Magic   | |  0.4

Action                   |  1- 3 |  4- 6 || total
-------------------------+-------+-------++-------
Melee: Unarmed           |    15 |    21 ||    36
       Tailslap          |     1 |     6 ||     7
       Kick              |     1 |     4 ||     5
       Headbutt          |     1 |     2 ||     3
 Cast: Beastly Appendage |     1 |     1 ||     2
       Spider Form       |     1 |       ||     1
  Use: Potion            |     3 |     4 ||     7
Armor: Skin              |     2 |     4 ||     6
Dodge: Dodged            |     9 |     5 ||    14
